 Dungeon Crawl Stone Soup version 0.30-a0-715-gdb4ae3ece1 (webtiles) character file.

Game seed: 3965197386508028455

882 Darius099 the Shield-Bearer (level 8, -7/51 HPs)
             Began as a Gargoyle Fighter on Jan 23, 2023.
             Was a Follower of Okawaru.
             Mangled by an orc warrior
             ... wielding a +0 battleaxe
              (14 damage)
             ... on level 5 of the Dungeon.
             The game lasted 00:15:13 (4159 turns).

Darius099 the Shield-Bearer (Gargoyle Fighter)      Turns: 4159, Time: 00:15:14

Health: -7/51      AC: 15    Str: 19    XL:     8   Next: 5%
Magic:  8/8        EV:  7    Int: 10    God:    Okawaru [*.....]
Gold:   357        SH: 11    Dex: 17    Spells: 7/7 levels left

rFire   . . .      SeeInvis .    a - +0 flail
rCold   . . .      Faith    .    c - +0 buckler
rNeg    + . .      Spirit   .    A - +0 chain mail
rPois   ∞          Reflect  +    (no helmet)
rElec   +          Harm     .    (no cloak)
rCorr   +          Rampage  .    (no gloves)
Will    .....                    (no boots) Stlth
                                 t - amulet of reflection
HPRegen 0.28/turn                y - ring of resist corrosion
MPRegen 0.11/turn                q - +6 ring of dexterity

@: no status effects
A: sickness immunity, AC +5, negative energy resistance 1, electricity
resistance, torment resistance 1, petrification resistance
a: Renounce Religion, Heroism


You were on level 5 of the Dungeon.
You worshipped Okawaru.
Okawaru was aware of your devotion.
You visited 1 branch of the dungeon, and saw 5 of its levels.
You also visited: Sewer.

You collected 357 gold pieces.

Inventory:

Hand Weapons
 a - a +0 flail (weapon)
Armour
 c - a +0 buckler (worn)
 A - a +0 chain mail (worn)
Jewellery
 h - a ring of flight
 q - a +6 ring of dexterity (right hand)
 t - an amulet of reflection (around neck)
 y - a ring of resist corrosion (left hand)
Wands
 p - a wand of flame (20)
Scrolls
 e - a scroll of brand weapon {unknown}
 f - 3 scrolls of teleportation {unknown}
 g - 4 scrolls of identify {unknown}
 j - 3 scrolls of enchant weapon {unknown}
 u - a scroll of vulnerability {unknown}
 v - a scroll of fear {unknown}
 w - a scroll of enchant armour {unknown}
 x - a scroll of poison {unknown}
Potions
 b - a potion of magic {unknown}
 d - 5 potions of might
 i - 2 potions of curing {unknown}
 k - a potion of brilliance {unknown}
 l - 2 potions of heal wounds {unknown}
 m - 4 potions of lignification {unknown}
 n - a potion of attraction {unknown}
 o - 2 potions of haste {unknown}
 r - 5 potions of mutation
 s - 8 potions of flight
 z - a potion of berserk rage
 B - 2 potions of cancellation {unknown}


   Skills:
 + Level 5.8 Fighting
 + Level 4.7 Maces & Flails
 + Level 5.8 Armour
 + Level 5.8 Shields


You had 7 spell levels left.
You didn't know any spells.
Your spell library contained the following spells:

 Spells                   Type           Power      Damage    Failure   Level
 Ozocubu's Armour         Ice            0%         N/A       100%        3
 Passage of Golubria      Tloc           0%         N/A       100%        4
 Yara's Violent Unravell  Hex/Tmut       0%         3d3       100%        5
 Ozocubu's Refrigeration  Ice            0%         4d7       100%        7
 Tukima's Dance           Hex            Unusable   N/A       N/A         3

Dungeon Overview and Level Annotations

Branches:
Dungeon (5/15)              Sewer (visited)
 Temple: D:4-7

Altars:
Ashenzari
Dithmenos
Makhleb
Okawaru
Wu Jian
Yredelemnul


Innate Abilities, Weirdness & Mutations

You are immune to sickness and miasma.
Your stone body is resilient. (AC +5)
You are immune to poison.
You resist negative energy. (rN+)
You are resistant to electric shocks. (rElec)
You are resistant to unholy torment.
You are immune to petrification.


Message History

An orc priest comes into view. It is wielding a +0 short sword.
An orc priest comes into view. It is wielding a +0 mace.
You sock the orc!
You kill the orc!
Okawaru accepts your kill.
The orc priest mumbles some strange prayers to Beogh against you.
Beogh smites you!
The orc priest looks encouraged for a moment.
The orc priest miscasts a cantrip.
The orc hits you but does no damage.
Things that are here:
a +0 mace; a +0 leather armour; an orc corpse You barely miss the orc.
The orc priest miscasts a cantrip.
You block the orc's attack.
The orc priest looks braver for a moment.
You sock the orc!
You kill the orc!
Okawaru accepts your kill.
You barely miss the orc. You block the orc's attack.
You hit the orc.
The orc is severely wounded.
The orc hits you but does no damage.
The orc priest calls down the wrath of Beogh upon you.
Beogh smites you! You block the orc's attack.
You barely miss the orc.
The orc is heavily wounded.
You block the orc's attack.
You hit the orc but do no damage.
The orc is heavily wounded.
The orc priest casts a cantrip, but nothing happens.
The orc priest calls down the wrath of Beogh upon you.
Beogh smites you!
You barely miss the orc warrior.
The orc priest mumbles some strange prayers to Beogh against you.
Beogh smites you!
* * * LOW HITPOINT WARNING * * *
The orc priest miscasts a cantrip.
The orc warrior hits you with a +0 battleaxe!
You die...

~~~~~~~#....#######
~~~~~~~~...........
~~~.~~~...#.#######
~~~~~~~..##.#
~~~~~~~#.##.#
.~~~~~...##.# .
.#...#..###.# ...
.......##
#.#######o....
##...###
#.....@oooo...
#.#.#
#########o....
#.#.# ... ##.#. .
...#. ####. #.


You could see an orc warrior, 3 orc priests and 2 orcs.

Vanquished Creatures
  3 black bears
  3 scorpions
  A howler monkey (D:5)
  A jelly (D:5)
  A hound (D:4)
  An orc priest (D:4)
  Terence (D:3)
  9 adders
  5 river rats (Sewer)
  A shadow imp (D:4)
  4 worms
  3 dart slugs
  14 orcs
  12 ball pythons
  6 endoplasms
  9 giant cockroaches
  7 goblins
  4 hobgoblins
  2 jackals (Sewer)
  6 quokkas
  14 bats
  6 frilled lizards
  9 kobolds
  6 rats
128 creatures vanquished.

Vanquished Creatures (others)
  12 plants (D:5)
12 creatures vanquished.

Grand Total: 140 creatures vanquished

Notes
Turn   | Place    | Note
-------+----------+-------------------------------------------
     0 | D:1      | Darius099 the Gargoyle Fighter began the quest for the Orb.
     0 | D:1      | Reached XP level 1. HP: 14/14 MP: 1/1
   305 | D:1      | Reached XP level 2. HP: 19/19 MP: 2/2
   468 | D:1      | Found a faded altar of an unknown god.
   699 | D:2      | Reached XP level 3. HP: 24/24 MP: 3/3
  1091 | D:2      | Reached XP level 4. HP: 29/29 MP: 4/4
  1351 | D:2      | Identified the -2 cloak of Wu Jian's Reproof {rElec rPois
                  | Will-}
  1435 | D:3      | Found an iron altar of Okawaru.
  1458 | D:3      | Found an ornate altar of the Wu Jian Council.
  1479 | D:3      | Became a worshipper of Warmaster Okawaru
  1605 | D:3      | Noticed Terence
  1615 | D:3      | Killed Terence
  1633 | D:3      | Found a basalt altar of Yredelemnul.
  1669 | D:3      | Found a burning altar of Makhleb.
  1789 | D:3      | Reached XP level 5. HP: 33/33 MP: 5/5
  2346 | D:4      | Found a broken altar of Ashenzari.
  2390 | D:4      | Reached XP level 6. HP: 28/39 MP: 6/6
  2559 | D:4      | Noticed a black bear
  2590 | D:4      | Killed a black bear
  2633 | D:4      | Reached * piety under Okawaru
  2646 | D:4      | Reached skill level 5 in Fighting
  2646 | D:4      | Reached skill level 5 in Armour
  2646 | D:4      | Reached skill level 5 in Shields
  2646 | D:4      | Reached XP level 7. HP: 44/44 MP: 7/7
  2721 | D:4      | Found a shadowy altar of Dithmenos.
  2925 | D:5      | Entered Level 5 of the Dungeon
  3000 | D:5      | Found a glowing drain.
  3071 | Sewer    | Entered a sewer
  4041 | D:5      | Reached XP level 8. HP: 25/51 MP: 8/8
  4159 | D:5      | Mangled by an orc warrior

Illustrated notes

Levels and vault maps discovered:
D:1:      tarquinn_simple_flora_water_b, layout_loops_ring,
          dreamdust_ecumenical_altar_angels_and_demons
D:2:      layout_basic
D:3:      layout_basic, lemuel_doored_altar, lemuel_tele_altar,
          mainiacjoe_overflow_large_starburst, kennysheep_generic_room_7,
          uniq_terence
D:4:      layout_rooms, nicolae_ashenzari_skybound, grunt_dithmenos_smoke,
          minmay_misc_feat_doors, kennysheep_small_circle
D:5:      layout_loops_ring, grunt_temple_overflow_opulence,
          mainiacjoe_overflow_tiny_flanked, cheibrodos_sewer_entry_drain,
          serial_bayou_pond_c, abandoned_shop, palyth_stone_intersect

Skill      XL: |  1  2  3  4  5  6  7 |
---------------+----------------------+-----
Fighting       | 4 5 |  5.8
Armour         | 4 5 |  5.8
Shields        | 4 5 |  5.8
Maces & Flails | 3 4 |  4.7

Action                     |  1- 3 |  4- 6 |  7- 9 || total
---------------------------+-------+-------+-------++-------
  Melee: Flail             |    98 |   162 |   196 ||   456
 Armour: Scale mail        |    57 |   110 |   104 ||   271
         Chain mail        |       |       |    21 ||    21
  Dodge: Dodged            |    47 |    91 |    87 ||   225
  Block: Buckler           |    15 |    96 |   152 ||   263
         Reflection        |       |     4 |     1 ||     5

Table legend: (Time is in decaauts)
 A = Elapsed time spent in this place.
 B = Non-inter-level travel time spent in this place.
 C = Inter-level travel time spent in this place.
 D = Time resting spent in this place.
 E = Time spent auto-exploring this place.
 F = Levels seen in this place.
 G = Mean time per level.
                   A        B        C        D        E       F      G
               +--------+--------+--------+--------+--------+-----+--------+
         Total |   4283 |   4243 |     40 |    546 |   2042 |   6 |  713.8 |
       Dungeon |   3670 |   3630 |     40 |    416 |   1836 |   5 |  734.0 |
         Sewer |    612 |    612 |      0 |    130 |    206 |   1 |  612.0 |
               +--------+--------+--------+--------+--------+-----+--------+

Top non-repeatable levels by time:
     D:3: 878 daAuts
     D:2: 810 daAuts
     D:4: 680 daAuts
     D:5: 658 daAuts
     D:1: 642 daAuts
   Sewer: 612 daAuts
